 Dungeon Crawl Stone Soup version 0.27-a0-1140-g099f9bb0e8 (webtiles) character file.

Game seed: 5205742658020599334

895 Zeld the Skirmisher (level 8, 0/57 HPs)
             Began as an Octopode Fighter on May 9, 2021.
             Slain by Maggie
             ... wielding a +0 vorpal scimitar
              (5 damage)
             ... on level 6 of the Dungeon.
             The game lasted 00:05:43 (5653 turns).

Zeld the Skirmisher (Octopode Fighter)              Turns: 5653, Time: 00:05:43

Health: 0/57       AC:  1    Str: 17 (18) XL:     8   Next: 6%
Magic:  8/8        EV: 13    Int:  7 (10) God:
Gold:   190        SH:  4    Dex:  9 (11) Spells: 7/7 levels left

rFire    . . .     SeeInvis .   a - +0 war axe
rCold    . . .     Faith    .   l - +0 buckler
rNeg     . . .     Spirit   .   (helmet restricted)
rPois    .         Reflect  .   (no amulet)
rElec    .         Harm     .   (no ring)
rCorr    .         Rampage  .   (no ring)
Will     .....                  (no ring)
Stlth    ++........             (no ring)
HPRegen  0.19/turn              (no ring)
MPRegen  0.11/turn              (no ring)
                                (no ring)
                                (no ring)

@: mesmerised
A: almost no armour, amphibious, 8 rings, camouflage 1, gelatinous body 1,
(nimble swimmer 1), tentacles
a: no special abilities


You were on level 6 of the Dungeon.
You visited 1 branch of the dungeon, and saw 6 of its levels.

You collected 190 gold pieces.

Inventory:

Hand Weapons
 a - a +0 war axe (weapon)
Missiles
 k - 14 poisoned darts (quivered)
Armour
 l - a +0 buckler (worn)
Scrolls
 c - a scroll of vulnerability {unknown}
 d - 3 scrolls of identify {unknown}
 f - 2 scrolls of teleportation {unknown}
 g - a scroll of immolation {unknown}
 h - a scroll of magic mapping {unknown}
 j - a scroll of summoning {unknown}
Potions
 e - 2 potions of curing
 i - a potion of degeneration


   Skills:
 - Level 5.7 Fighting
 - Level 5.2 Axes
 * Level 4.7 Throwing
 - Level 3.0 Dodging
 - Level 4.0 Shields


You had 7 spell levels left.
You didn't know any spells.
Your spell library contained the following spells:

 Spells                   Type           Power      Damage    Failure   Level
 Bolt of Magma            Conj/Fire/Erth 0%         4d4       100%        5
 Iskenderun's Battlesphe  Conj           0%         2d6       100%        5
 Iron Shot                Conj/Erth      0%         9d1       100%        6
 Orb of Destruction       Conj           0%         N/A       100%        7
 Spellforged Servitor     Conj/Summ      0%         N/A       100%        7


Dungeon Overview and Level Annotations

Branches:
Dungeon (6/15)
 Temple: D:4-7

Altars:

Shops:
D:2 [=

Annotations:
D:3 2 runed translucent doors, jasper's ghost, weakling DsWn
D:5 exclusion: 3 killer bees
D:6 Maggie


Innate Abilities, Weirdness & Mutations

You cannot wear most types of armour.
You are amphibious.
You can wear up to eight rings at the same time.
Your skin changes colour to match your surroundings (Stealth+).
Your rubbery body absorbs attacks. (AC +1, EV +1)
((You are camouflaged near water. (Stealth+)))
You have tentacles for arms and can constrict up to eight enemies at once.


Message History

You grab the orc. You squeeze the orc!
You kill the orc!
You closely miss the orc. The orc closely misses you.
The orc hits you with a +0 hand axe.
You barely miss the shadow imp. Your grab misses the shadow imp.
You hit the orc but do no damage. You block the orc's attack.
The shadow imp closely misses you.
There are no items here.
You hit the shadow imp but do no damage.
Your grab misses the shadow imp. You slash the orc!
You kill the orc!
The shadow imp hits you.
Unknown command.
You slash the shadow imp! You grab the shadow imp. You squeeze the shadow imp.
You kill the shadow imp!
Unknown command.
Maggie hits you with a +0 vorpal scimitar!
Items here: )) ††.
Unknown command.
You are too injured to fight recklessly!
Maggie mumbles some strange words.
Maggie attempts to bespell you!
You are mesmerised by Maggie!
There is a stone staircase leading up, spattered with blood here.
You cannot move away from Maggie!
It was a potion of curing.
You feel better.
Okay, then.
Okay, then.
It was a potion of degeneration.
There was something very wrong with that liquid.
You feel weakened.
You feel dopey.
You feel clumsy. Maggie misses you.
You closely miss Maggie. Your grab misses Maggie. Your squeeze misses Maggie.
Maggie hits you with a +0 vorpal scimitar!
You are too injured to fight recklessly!
You are too injured to fight recklessly!
You hit Maggie but do no damage. You grab Maggie. You constrict Maggie.
Maggie hits you with a +0 vorpal scimitar!
* * * LOW HITPOINT WARNING * * *
You die...

.............
#............
##...........
##....^.....##
.............#.
...............
...............
##@)......
#.@)......
#..........
#...........
###.........
..........
#..........
##.........
#......(..


You could see Maggie (mesmerising).

Vanquished Creatures
  Eustachio (D:4)
  Menkaure (D:5)
  An orc warrior (D:5)
  A necrophage (D:5)
  A phantom (D:5)
  Blork the orc (D:5)
  A water moccasin zombie (D:5)
  A howler monkey (D:5)
  A centaur zombie (D:5)
  2 iguanas (D:4)
  4 adders
  A shadow imp (D:6)
  4 dart slugs
  9 orcs
  4 bats
  8 endoplasms
  13 goblins
  10 hobgoblins
  2 jackals (D:2)
  4 ball pythons
  3 frilled lizards
  4 kobolds
  7 rats
84 creatures vanquished.

Notes
Turn   | Place    | Note
-------+----------+-------------------------------------------
     0 | D:1      | Zeld the Octopode Fighter began the quest for the Orb.
     0 | D:1      | Reached XP level 1. HP: 16/16 MP: 1/1
   151 | D:1      | Reached XP level 2. HP: 20/21 MP: 2/2
   487 | D:1      | Reached XP level 3. HP: 26/26 MP: 3/3
   956 | D:2      | Found a faded altar of an unknown god.
   966 | D:2      | Found Ylleja's Antique Armour Shop.
  1276 | D:2      | Reached XP level 4. HP: 24/33 MP: 4/4
  1459 | D:2      | Found Eniymome's Jewellery Boutique.
  1700 | D:2      | Found Yfaenn's Antique Armour Boutique.
  2042 | D:3      | Found a runed translucent door.
  2043 | D:3      | Noticed jasper's ghost (weakling DsWn)
  2043 | D:3      | Noticed a bullfrog
  2484 | D:3      | Found a runed translucent door.
  2919 | D:4      | Reached XP level 5. HP: 35/38 MP: 5/5
  4039 | D:5      | Entered Level 5 of the Dungeon
  4125 | D:5      | Noticed Menkaure
  4130 | D:5      | Killed Menkaure
  4131 | D:5      | Reached skill level 5 in Fighting
  4131 | D:5      | Reached XP level 6. HP: 28/45 MP: 6/6
  4283 | D:5      | Noticed Blork the orc
  4292 | D:5      | Killed Blork the orc
  4293 | D:5      | Reached skill level 5 in Axes
  4505 | D:5      | Reached skill level 1 in Throwing
  4505 | D:5      | Reached XP level 7. HP: 17/51 MP: 7/7
  5394 | D:6      | Noticed Eustachio
  5421 | D:4      | Killed Eustachio
  5605 | D:5      | Reached XP level 8. HP: 57/57 MP: 8/8
  5643 | D:6      | Noticed Maggie
  5653 | D:6      | Slain by Maggie

Illustrated notes

Levels and vault maps discovered:
D:1:      lemuel_arrival_river_ford, layout_rooms
D:2:      layout_loops_ring, hellmonk_ecumenical_altar_crossroads, serial_shops,
          shop, shop, shop
D:3:      layout_rooms, ebering_ghost_sewer_f
D:4:      layout_cave_pods
D:5:      layout_rooms, uniq_blork_the_orc, uniq_menkaure
D:6:      layout_cave_pools, uniq_eustachio, uniq_maggie

Skill      XL: |  1  2  3  4  5  6  7 |
---------------+----------------------+-----
Axes           | 3 4 5 |  5.2
Fighting       | 4 5 |  5.7
Throwing       | 1 4 |  4.7
Shields        | 4 |  4.0
Dodging        | |  3.0

Action                   |  1- 3 |  4- 6 |  7- 9 || total
-------------------------+-------+-------+-------++-------
Melee: War axe           |    55 |    76 |    32 ||   163
       Constrict         |    15 |    18 |     8 ||    41
       Tentacles         |     7 |    15 |    10 ||    32
Throw: Dart              |       |       |     6 ||     6
  Use: Potion            |       |     1 |     2 ||     3
       Scroll            |       |       |     1 ||     1
 Stab: Sleeping          |     3 |     7 |       ||    10
Armor: Skin              |     7 |     6 |       ||    13
Dodge: Dodged            |    41 |    40 |    31 ||   112
Block: Buckler           |       |       |     9 ||     9

Table legend: (Time is in decaauts)
 A = Elapsed time spent in this place.
 B = Non-inter-level travel time spent in this place.
 C = Inter-level travel time spent in this place.
 D = Time resting spent in this place.
 E = Time spent auto-exploring this place.
 F = Levels seen in this place.
 G = Mean time per level.
                   A        B        C        D        E       F      G
               +--------+--------+--------+--------+--------+-----+--------+
         Total |   5705 |   5572 |    133 |   1072 |   3904 |   6 |  950.8 |
       Dungeon |   5705 |   5572 |    133 |   1072 |   3904 |   6 |  950.8 |
               +--------+--------+--------+--------+--------+-----+--------+

Top non-repeatable levels by time:
     D:5: 1448 daAuts
     D:4: 1421 daAuts
     D:3: 1010 daAuts
     D:2: 964 daAuts
     D:1: 832 daAuts
     D:6: 28 daAuts
